Workbook
Name Constr: '25272-1'!$A$1
Name Constr: '25309'!$A$1
Name Constr: '25323'!$A$1
Name FOT: '25272-1'!$B$17
Name FOT: '25309'!$B$17
Name FOT: '25323'!$B$20
Name Ind: '25272-1'!$D$9
Name Ind: '25309'!$C$9
Name Ind: '25323'!$D$9
Name Obj: '25272-1'!#REF!
Name Obj: '25309'!#REF!
Name Obj: '25323'!#REF!
Name Obosn: '25272-1'!$B$15
Name Obosn: '25309'!$B$15
Name Obosn: '25323'!$B$15
Name SmPr: '25272-1'!$B$16
Name SmPr: '25309'!$B$16
Name SmPr: '25323'!$B$16
Name аааааппппппрррппппппп: #REF!
Name аараооооооооооооо: #REF!
Name автом: #REF!
Name алшрльоплварл: #REF!
Name аолвлддддддддддддддддввввввввв: #REF!
Name апарв: #REF!
Name апрлдджаоырыфрпопрлпрлпрлп: #REF!
Name арлггаджаш: #REF!
Name ароррбллтблпроорапииас: #REF!
Name арррррблллпдрлдддддддддд: #REF!
Name варпаааааааааа: #REF!
Name ввпьььььлднд: #REF!
Name вед: #REF!
Name вертикальная: #REF!
Name вертикплан: #REF!
Name волен: #REF!
Name вп: #REF!
Name впырпфдыпл: #REF!
Name впьглорьтитттттттттт: #REF!
Name всввввввввввввввввввввввввв: #REF!
Name выб: #REF!
Name выпуск: #REF!
Name выьлепвввввпмп: #REF!
Name еваопродолжэрщэрзшщщх: #REF!
Name измен: #REF!
Name итого: #REF!
Name итого_сантех: #REF!
Name итого_стр: #REF!
Name итого_строит: #REF!
Name итого_технол: #REF!
Name итого_электр: #REF!
Name квота: #REF!
Name кккккккккк: #REF!
Name корек: #REF!
Name корект: #REF!
Name корректир: #REF!
Name лен: #REF!
Name лот: #REF!
Name мамиааааааааааааааааааааааааааааа: #REF!
Name ммпоослччччччччччрччапппппппппр: #REF!
Name мрол: #REF!
Name оз: #REF!

Sheet 25272-1
A1: СОГЛАСОВАНО: | E1: ФГУП "Комбинат "Электрохимприбор" | M1: УТВЕРЖДАЮ:
G2: (наименование стройки) | M2: Зам. генерального директора
M3: Е.В.Гордеев
A4: _________________ | M4: _________________
A5: " _____ " ________________ 2014 г. | M5: "______ " __________2014 г.
G6: ЛОКАЛЬНЫЙ СМЕТНЫЙ РАСЧЕТ № 25272-1
G7: (локальная смета)
C9: на | D9: реконструкцию помещений для отдела 042. г.Лесной ул.Островского, 2. Инв.№ 8811031
D10: Раздел: Создание кабельной системы для организации ЛВС.
G11: (наименование работ и затрат, наименование объекта)
D13: Основание: Проект АСУЖ QS89.4Е-РП изм. №072-17/629 от 26.02.2014г.
D14: Сметная стоимость _______________________________________________________________________________________________ | J14: ___________________________48,612 | L14: тыс. руб.
D15: строительных работ _______________________________________________________________________________________________ | J15: _______________________________________________________________________________________________1,105 | L15: тыс. руб.
D16: монтажных работ _______________________________________________________________________________________________ | J16: _______________________________________________________________________________________________36,240 | L16: тыс. руб.
D17: прочих (ПНР "в холостую") _______________________________________________________________________________________________ | J17: _______________________________________________________________________________________________4,375 | L17: тыс. руб.
D18: оборудования _______________________________________________________________________________________________ | J18: _______________________________________________________________________________________________6,892 | L18: тыс. руб.
D19: Средства на оплату труда _______________________________________________________________________________________________ | J19: ___________________________10,151 | L19: тыс. руб.
D20: Сметная трудоемкость _______________________________________________________________________________________________ | J20: _______________________________________________________________________________________________665,24 | L20: чел.час
D21: Составлен(а) в базовых ценах 2001г. в редакции 2009г.
A23: № пп | B23: Обоснова-ние | C23: Наименование | D23: Ед. изм. | E23: Кол. | F23: Стоимость единицы, руб. | J23: Общая стоимость, руб. | O23: Т/з осн. раб.на ед. | P23: Т/з осн. раб. Всего | Q23: Общая масса обору-дования, т
F24: Всего | G24: В том числе | J24: Обору-дование | K24: Всего | L24: В том числе
G25: Осн.З/п | H25: Эк.Маш | I25: З/пМех | L25: Осн.З/п | M25: Эк.Маш | N25: З/пМех
A26: 1 | B26: 2 | C26: 3 | D26: 4 | E26: 5 | F26: 6 | G26: 7 | H26: 8 | I26: 9 | J26: 10 | K26: 11 | L26: 12 | M26: 13 | N26: 14 | O26: 15 | P26: 16 | Q26: 17
A27: Раздел 1. Монтажные работы по проекту АСУЖ QS89.4Е-РП
A28: 1 | B28: Цена поставщика | C28: Коммутатор управляемый D-Link DES-3200-26 (Цена: 21000,00:1,18:4,19) | D28: шт | E28: 1 | F28: 21000,00/1,18/4,19 | J28: 4247 | K28: 4247
A29: 2 | B29: ТЕРм10-03-013-01 | C29: Коммутатор управления и наблюдения | D29: 1 шт. | E29: 1 | F29: 555.04 | G29: 419.15 | H29: 111.06 | I29: 22.18 | K29: 555 | L29: 419 | M29: 111 | N29: 22 | O29: 34.9 | P29: 34.9
A30: 3 | B30: Цена поставщика | C30: Источник бесперебойного питания АРС 420 (Цена: 5000,00:1,18:4,19) | D30: шт | E30: 1 | F30: 5000,00/1,18/4,19 | J30: 1011 | K30: 1011
A31: 4 | B31: ТЕРм10-02-016-06 | C31: Отдельно устанавливаемый преобразователь или блок питания | D31: 1 шт. | E31: 1 | F31: 256.7 | G31: 157.76 | H31: 33.83 | I31: 6.87 | K31: 257 | L31: 158 | M31: 34 | N31: 7 | O31: 10.1 | P31: 10.1
A32: 5 | B32: ТЕРм10-01-054-01 прим. | C32: Монтаж кабеля информационного по кабель-каналам | D32: 100 м кабеля | E32: 1.9 | F32: 126.41 | G32: 93.68 | H32: 25.37 | I32: 5.15 | K32: 240 | L32: 178 | M32: 48 | N32: 10 | O32: 7.8 | P32: 14.82
A33: 6 | B33: Цена поставщика | C33: Кабель UTP 4-парн. Cat.5е, PVC,многожильный,белый (Цена:32,00:1,18:5,56) | D33: м | E33: 150 | F33: 4,88 32,00/1,18/5,56 | K33: 732
A34: 7 | B34: Цена поставщика | C34: Кабель телефонный 4-х жильный, белый, круглый (Цена:20,00:1,18:5,56) | D34: м | E34: 40 | F34: 3,05 20,00/1,18/5,56 | K34: 122
A35: 8 | B35: Цена поставщика | C35: 110 Connect XC Разъём на 1 пару кат.5е (Цена: 2,3:1,18:5,56) | D35: шт | E35: 30 | F35: 0,35 2,3/1,18/5,56 | K35: 11
A36: 9 | B36: Цена поставщика | C36: 8-контактный разъем RJ-45 для многожилього кабеля (Цена: 1760,00:1,18:5,56) | D36: упак. | E36: 1 | F36: 268,26 1760,00/1,18/5,56 | K36: 268
A37: 10 | B37: ТЕРм11-04-020-01 | C37: Разделка информационных кабелей и установка разъемов (коммутационные кабели) | D37: 1 шт. | E37: 60 | F37: 33.86 | G37: 27.3 | K37: 2032 | L37: 1638 | O37: 2.06 | P37: 123.6
A38: 11 | B38: ТЕРм10-01-051-15 | C38: Разделка информационных кабелей пистолетом 42 (в панели) + 18 (в розетках) | D38: 10 концов кабеля | E38: 6 | F38: 74.06 | G38: 69.11 | K38: 444 | L38: 415 | O38: 5.1 | P38: 30.6
A39: 12 | B39: ТЕРм10-06-032-01 | C39: Комплекс измерений постоянным током смонтированных парных кабелей; (20 (4-парн. линий) х 4 = 80 пар | D39: 100 пар | E39: 0.8 | F39: 188.66 | G39: 176.15 | K39: 151 | L39: 141 | O39: 13 | P39: 10.4
A40: 13 | B40: Цена поставщика | C40: Соединительный блок типа 110 5-ти парный (Цена: 36,00:1,18:5,56) | D40: шт | E40: 20 | F40: 5,49 36,00/1,18/5,56 | K40: 110
A41: 14 | B41: Цена поставщика | C41: 110 Modular Jack Сменный модуль RJ45 Т568А/Т568В UTP Cat 5е (Цена: 116,8:1,18:5,56) | D41: шт | E41: 18 | F41: 17,8 116,8/1,18/5,56 | K41: 320
A42: 15 | B42: Цена поставщика | C42: Плинт с нормально замкнутыми контактами на 10 пар (Цена: 356,00:1,18:5,56) | D42: шт | E42: 1 | F42: 54,26 356/1,18/5,56 | K42: 54
A43: 16 | B43: ТЕРм11-03-001-01 | C43: Приборы, устанавливаемые на металлоконструкциях, щитах и пультах, масса до 5 кг | D43: 1 шт. | E43: 39 | F43: 8.41 | G43: 7.26 | K43: 328 | L43: 283 | O43: 0.52 | P43: 20.28
A44: 17 | B44: ТЕРм10-06-033-33 | C44: Маркировка информационных портов розеток и панели | D44: 1 шт | E44: 60 | F44: 2.45 | G44: 2.4 | K44: 147 | L44: 144 | O44: 0.2 | P44: 12
A45: 18 | B45: Цена поставщика | C45: Бумажные полоски для маркировки кросс. панелей (Цена: 512,00:1,18:5,56) | D45: шт | E45: 2 | F45: 78,04 512,00/1,18/5,56 | K45: 156
A46: 19 | B46: Цена поставщика | C46: Коммутационная панель серии 110 24 портов RJ45 CAT 5E, 1U (Цена: 3683,00:1,18:5,56) | D46: шт | E46: 4 | F46: 561,36 3683,00/1,18/5,56 | K46: 2245
A47: 20 | B47: Цена поставщика | C47: 110 XC Cross кроссовая панель в 19" стойку на 100 пар 22-26 AWG 1U Cat 5е (Цена: 2200,00:1,18:5,56) | D47: шт | E47: 1 | F47: 335,33 2200,00/1,18/5,56 | K47: 335
A48: 21 | B48: ТЕРм10-03-013-05 прим. | C48: Монтаж: коммутационная панель | D48: 1 шт. | E48: 5 | F48: 137.61 | G48: 91.6 | H48: 20.76 | I48: 4.22 | K48: 688 | L48: 458 | M48: 104 | N48: 21 | O48: 6.76 | P48: 33.8
A49: 22 | B49: Цена поставщика | C49: Кабельный органайзер с 5 кольцами 1U (Цена: 1250,00:1,18:5,56) | D49: шт | E49: 3 | F49: 190,53 1250,00/1,18/5,56 | K49: 572
A50: 23 | B50: Цена поставщика | C50: 19" 1U блок розеток Shuko на 7 поз.с выключателем (Цена: 1800,00:1,18:5,56) | D50: шт | E50: 1 | F50: 274,36 1800,00/1,18/5,56 | K50: 274
A51: 24 | B51: Цена поставщика | C51: Модуль вентиляторный 4 эл с выкл-для шкафов EcoLine (Цена:3420,4:1,18:5,56) | D51: шт | E51: 1 | F51: 521,34 3420,4/1,18/5,56 | K51: 521
A52: 25 | B52: ТЕРм11-03-001-01 прим. | C52: Монтаж в шкаф полки, органайзеров, блока розеток питания и пр. | D52: 1 шт. | E52: 23 | F52: 8.41 | G52: 7.26 | K52: 193 | L52: 167 | O52: 0.52 | P52: 11.96
A53: 26 | B53: Цена поставщика | C53: Modular Plugs Boots Защитный колпачек для RJ45,белый (Цена:8,00:1,18:5,56) | D53: шт | E53: 36 | F53: 1,22 8,00/1,18/5,56 | K53: 44
A54: 27 | B54: цена поставщика | C54: 19" Шкаф настенный EcoLine 12U 600x600x604 mm дверь стекло (Цена: 6432,00:1,18:4,19) | D54: шт | E54: 1 | F54: 6432,00/1,18/4,19 | J54: 1301 | K54: 1301
A55: 28 | B55: ТЕРм10-04-112-02 прим. | C55: Монтаж: шкаф или панель коммутации, количество пар 100 | D55: 1 шт. | E55: 1 | F55: 508.42 | G55: 379.4 | K55: 508 | L55: 379 | O55: 28 | P55: 28
A56: 29 | B56: Цена поставщика | C56: Кабель питания вилка " Евро" розетка АС-101 3m (Цена:1500,00:1,18:5,56) | D56: шт | E56: 1 | F56: 228,63 1500,00/1,18/5,56 | K56: 229
A57: 30 | B57: Цена поставщика | C57: Кабельное кольцо (Цена:80,41:1,18:5,56) | D57: шт | E57: 10 | F57: 12,26 80,41/1,18/5,56 | K57: 123
A58: 31 | B58: Цена поставщика | C58: Комплект крепежа для 19" оборудования (винт+гайка) (Цена:30,00:1,18:5,56) | D58: шт | E58: 50 | F58: 4,57 30,00/1,18/5,56 | K58: 229
A59: 32 | B59: Цена поставщика | C59: Хомут нейлон (белый) 200мм, упаковка 100шт. (Цена:260,00:1,18:5,56) | D59: упак. | E59: 2 | F59: 39,63 260,00/1,18/5,56 | K59: 79
A60: 33 | B60: Цена поставщика | C60: Хомут нейлон (белый) 300мм, упаковка 100шт. (Цена:260,00:1,18:5,56) | D60: упак. | E60: 2 | F60: 39,63 260,00/1,18/5,56 | K60: 79
A61: 34 | B61: ТЕРм10-01-054-01 | C61: Монтаж кабеля информационного по кабель-каналам | D61: 100 м кабеля | E61: 22.85 | F61: 126.41 | G61: 93.68 | H61: 25.37 | I61: 5.15 | K61: 2888 | L61: 2141 | M61: 580 | N61: 118 | O61: 7.8 | P61: 178.23
A62: 35 | B62: Цена поставщика | C62: Кабель ТППэп 10х2х0,4 (Цена:150,00:1,18:5,56) | D62: м | E62: 150 | F62: 22,86 150,00/1,18/5,56 | K62: 3429
A63: 36 | B63: Цена поставщика | C63: Кабель UTP 4 пары Cat 5е в коробке 305m PVC, одножильный. (Цена:3904,00:1,18:5,56) | D63: кор | E63: 7 | F63: 595,05 3904,00/1,18/5,56 | K63: 4165
A64: 37 | B64: ФЕРм08-02-390-03 | C64: Короба пластмассовые: шириной до 120 мм КОЭФ. К ПОЗИЦИИ: Приведение расценок ФЕР к территориальному уровню (Письмо УРЦЦС Ц-297 от 12.04.2011) ОЗП=1,41; ЭМ=1,242; ЗПМ=1,41; МАТ=1,052 | D64: 100 м | E64: 0.1 | F64: 419.25 | G64: 272.61 | H64: 48.52 | I64: 0.17 | K64: 42 | L64: 27 | M64: 5 | O64: 20.33 | P64: 2.03
A65: 38 | B65: Цена поставщика | C65: Кабель -канал 80х50 (Цена:320,00:1,18:5,56) | D65: м | E65: 10 | F65: 48,77 320,00/1,18/5,56 | K65: 488
A66: 39 | B66: Цена поставщика | C66: Угол плоский для 80х50 (Цена:291,00:1,18:5,56) | D66: шт | E66: 3 | F66: 44,35 291,00/1,18/5,56 | K66: 133
A67: 40 | B67: Цена поставщика | C67: Угол внутренний 80х50 (Цена:182,00:1,18:5,56) | D67: шт | E67: 2 | F67: 27,74 182,00/1,18/5,56 | K67: 55
A68: 41 | B68: Цена поставщика | C68: Угол внешний 80х50 (Цена:218,00:1,18:5,56) | D68: шт | E68: 1 | F68: 33,23 218,00/1,18/5,56 | K68: 33
A69: 42 | B69: ФЕРм08-02-390-02 | C69: Короба пластмассовые: шириной до 63 мм КОЭФ. К ПОЗИЦИИ: Приведение расценок ФЕР к территориальному уровню (Письмо УРЦЦС Ц-297 от 12.04.2011) ОЗП=1,41; ЭМ=1,242; ЗПМ=1,41; МАТ=1,052 | D69: 100 м | E69: 0.08 | F69: 363.95 | G69: 246.59 | H69: 43.79 | I69: 0.17 | K69: 29 | L69: 20 | M69: 4 | O69: 18.39 | P69: 1.47
A70: 43 | B70: Цена поставщика | C70: Кабель-канал 50х20 (Цена:60:1,18:5,98) | D70: м | E70: 8 | F70: 8,5 60/1,18/5,98 | K70: 68
A71: 44 | B71: Цена поставщика | C71: Заглушка для канала 50х20 (Цена:960:1,18:5,98) | D71: шт | E71: 2 | F71: 136,05 960/1,18/5,98 | K71: 272
A72: 45 | B72: Цена поставщика | C72: Угол внутренний 50х20 (Цена:30:1,18:5,98) | D72: шт | E72: 2 | F72: 4,25 30/1,18/5,98 | K72: 9
A73: 46 | B73: Цена поставщика | C73: Накладка на стык для канала 50х20 (Цена:45:1,18:5,98) | D73: шт | E73: 2 | F73: 6,38 45/1,18/5,98 | K73: 13
A74: 47 | B74: ТЕРм10-06-068-15 | C74: Конфигурация и настройка сетевых компонентов (мост, маршрутизатор, модем и т.п.) | D74: 1 шт. | E74: 1 | F74: 680.22 | G74: 666.88 | K74: 680 | L74: 667 | O74: 32 | P74: 32
A75: 48 | B75: ТЕР46-03-010-01 | C75: Пробивка в бетонных стенах и полах толщиной 100 мм отверстий площадью до 20 см2 | D75: 100 отверстий | E75: 0.01 | F75: 936.95 | G75: 203.28 | H75: 733.67 | I75: 67.95 | K75: 9 | L75: 2 | M75: 7 | N75: 1 | O75: 15.17 | P75: 0.15
A76: 49 | B76: ТЕР46-03-009-04 | C76: Пробивка в кирпичных стенах отверстий круглых диаметром до 25 мм при толщине стен до 38 см | D76: 100 шт. | E76: 0.11 | F76: 3846.34 | G76: 869.83 | H76: 2976.51 | I76: 329.74 | K76: 423 | L76: 96 | M76: 327 | N76: 36 | O76: 67.22 | P76: 7.39
A77: 50 | B77: ТЕР46-03-009-05 | C77: Пробивка в кирпичных стенах отверстий круглых диаметром до 25 мм при толщине стен до 51 см | D77: 100 шт. | E77: 0.01 | F77: 3949.5 | G77: 1133.93 | H77: 2815.57 | I77: 443.64 | K77: 39 | L77: 11 | M77: 28 | N77: 4 | O77: 87.63 | P77: 0.88
A78: 51 | B78: ТЕРр69-4-1 | C78: Заделка отверстий в местах прохода трубопроводов в стенах и перегородках оштукатуренных | D78: 100 отверстий | E78: 0.13 | F78: 1343.1 | G78: 944.71 | H78: 2.02 | I78: 0.78 | K78: 175 | L78: 123 | O78: 78.66 | P78: 10.23
A79: Раздел 2. Пусконаладочные работы (в холостую 80%)
A80: 52 | B80: ТЕРп02-01-001-05 | C80: Автоматизированная система управления I категории технической сложности с количеством каналов (Кобщ) 20 | D80: 1 система | E80: 1 | F80: 2557.38 | G80: 2557.38 | K80: 2557 | L80: 2557 | O80: 128 | P80: 128
A81: Итого прямые затраты по смете в ценах 2001г. | K81: 34112 | L81: 10024 | M81: 1248 | N81: 219 | P81: 690.84
A82: Итого прямые затраты по смете с учетом коэффициентов к итогам | K82: 34656 | L82: 9922 | M82: 1258 | N82: 229 | P82: 665.24
A83: В том числе, справочно:
A84: Районный к-т 4,3% (Поз. 48-51, 2, 4-5, 11, 16, 21, 25, 34, 47, 10, 28, 12, 17, 37, 42, 52) | K84: 441 | L84: 431 | M84: 9 | N84: 9
A85: Заготовительно-складские расходы на материалы - согласно п.4.64 из МДС 81-35.2004 МАТ=1,02 (Поз. 6-9, 13-15, 18-20, 22-24, 26, 29-33, 35-36, 38-41, 43-46) | K85: 303
A86: Транспортные расходы на оборудование - согласно п.4.60 из МДС 81-35.2004 ПЗ=1,03 (ОЗП=1,03; ЭМ=1,03; МАТ=1,03) (Поз. 1, 3, 27) | K86: 197
A87: Заготовительно-складские расходы на оборудование - согласно п.4.64 из МДС 81-35.2004 ПЗ=1,012 (ОЗП=1,012; ЭМ=1,012; МАТ=1,012) (Поз. 1, 3, 27) | K87: 81
A88: Расходы на комплектацию оборудования - согласно п.4.63 из МДС 81-35.2004 ПЗ=1,008 (ОЗП=1,008; ЭМ=1,008; ЗПМ=1,008; МАТ=1,008; ТЗ=1,008; ТЗМ=1,008) (Поз. 1, 3, 27) | K88: 55
A89: Пусконаладочные работы (в холостую 80%) ПЗ=0,8 (ОЗП=0,8; ЭМ=0,8; ЗПМ=0,8; МАТ=0,8; ТЗ=0,8; ТЗМ=0,8) (Поз. 52) | K89: -533 | L89: -533 | P89: -25.6
A90: Накладные расходы | K90: 8166
A91: В том числе, справочно:
A92: 65% ФОТ (от 2134) (Поз. 52) | K92: 1387
A93: 78% ФОТ (от 128) (Поз. 51) | K93: 100
A94: 80% ФОТ (от 5282) (Поз. 2, 4-5, 11, 16, 21, 25, 34, 47) | K94: 4226
A95: 92% ФОТ (от 2104) (Поз. 10, 28) | K95: 1936
A96: 95% ФОТ (от 49) (Поз. 37, 42) | K96: 47
A97: 100% ФОТ (от 297) (Поз. 12, 17) | K97: 297
A98: 110% ФОТ (от 157) (Поз. 48-50) | K98: 173
A99: Сметная прибыль | K99: 5790
A100: В том числе, справочно:
A101: 40% ФОТ (от 2134) (Поз. 52) | K101: 854
A102: 50% ФОТ (от 128) (Поз. 51) | K102: 64
A103: 60% ФОТ (от 5282) (Поз. 2, 4-5, 11, 16, 21, 25, 34, 47) | K103: 3169
...

Sheet 25309
A1: СОГЛАСОВАНО: | E1: ФГУП "Комбинат "Электрохимприбор" | M1: УТВЕРЖДАЮ:
G2: (наименование стройки) | M2: Зам. генерального директора
M3: Е.В.Гордеев
A4: _________________ | M4: _________________
A5: " _____ " ________________ 2014 г. | M5: "______ " __________2014 г.
G6: ЛОКАЛЬНЫЙ СМЕТНЫЙ РАСЧЕТ № 25309
G7: (локальная смета)
C9: на | D9: реконструкцию помещений для отдела 042. г.Лесной ул.Островского, 2. Инв.№ 8811031
D10: Раздел: Система охранной и тревожной сигнализации.
G11: (наименование работ и затрат, наименование объекта)
D13: Основание: проект № 24869-14-ОС
D14: Сметная стоимость _______________________________________________________________________________________________ | J14: ___________________________60,261 | L14: тыс. руб.
D15: строительных работ _______________________________________________________________________________________________ | J15: _______________________________________________________________________________________________2,367 | L15: тыс. руб.
D16: монтажных работ _______________________________________________________________________________________________ | J16: _______________________________________________________________________________________________35,660 | L16: тыс. руб.
D17: прочих (ПНР "в холостую") _______________________________________________________________________________________________ | J17: _______________________________________________________________________________________________11,839 | L17: тыс. руб.
D18: оборудования _______________________________________________________________________________________________ | J18: _______________________________________________________________________________________________10,395 | L18: тыс. руб.
D19: Средства на оплату труда _______________________________________________________________________________________________ | J19: ___________________________14,162 | L19: тыс. руб.
D20: Сметная трудоемкость _______________________________________________________________________________________________ | J20: _______________________________________________________________________________________________897,12 | L20: чел.час
D21: Составлен(а) в базовых ценах 2001г. в редакции 2009г.
A23: № пп | B23: Обоснова-ние | C23: Наименование | D23: Ед. изм. | E23: Кол. | F23: Стоимость единицы, руб. | J23: Общая стоимость, руб. | O23: Т/з осн. раб.на ед. | P23: Т/з осн. раб. Всего | Q23: Общая масса обору-дования, т
F24: Всего | G24: В том числе | J24: Обору-дование | K24: Всего | L24: В том числе
G25: Осн.З/п | H25: Эк.Маш | I25: З/пМех | L25: Осн.З/п | M25: Эк.Маш | N25: З/пМех
A26: 1 | B26: 2 | C26: 3 | D26: 4 | E26: 5 | F26: 6 | G26: 7 | H26: 8 | I26: 9 | J26: 10 | K26: 11 | L26: 12 | M26: 13 | N26: 14 | O26: 15 | P26: 16 | Q26: 17
A27: Раздел 1. Монтажные работы
A28: 1 | B28: Цена поставщика | C28: Пульт контроля и управления С2000-М (Ц:5491,20руб:1,18:4,21) | D28: 1 шт. | E28: 1 | F28: 5491,20/1,18/4,21 | J28: 1105 | K28: 1105
A29: 2 | B29: ТЕРм10-08-001-13 | C29: Монтаж: пульт контроля и управления С2000-М | D29: 1 шт. | E29: 1 | F29: 64.92 | G29: 57.52 | H29: 0.37 | K29: 65 | L29: 58 | O29: 4 | P29: 4
A30: 3 | B30: Цена поставщика | C30: Пульт и клавиатура со светодиодными индикаторами на 20 охранных или пожарных зон С2000-КС (Ц:1693,12руб:1,18:4,21) | D30: 1 шт. | E30: 1 | F30: 1693,12/1,18/4,21 | J30: 341 | K30: 341
A31: 4 | B31: ТЕРм10-08-001-13 | C31: Монтаж: пульт и клавиатура С2000-КС | D31: 1 шт. | E31: 1 | F31: 64.92 | G31: 57.52 | H31: 0.37 | K31: 65 | L31: 58 | O31: 4 | P31: 4
A32: 5 | B32: Цена поставщика | C32: Контроль по двухпроводной линии С2000-КДЛ (Ц:1830,40руб:1,18:4,21) | D32: 1 шт. | E32: 2 | F32: 1830,40/1,18/4,21 | J32: 737 | K32: 737
A33: 6 | B33: ТЕРм10-08-001-13 | C33: Монтаж: контроллер С2000-КДЛ | D33: 1 шт. | E33: 2 | F33: 64.92 | G33: 57.52 | H33: 0.37 | K33: 130 | L33: 115 | M33: 1 | O33: 4 | P33: 8
A34: 7 | B34: Цена поставщика | C34: Адресный релейный блок на два реле С2000-СП1 (Ц:1435,72руб:1,18:4,21) | D34: 1 шт. | E34: 1 | F34: 1435,72/1,18/4,21 | J34: 289 | K34: 289
A35: 8 | B35: ТЕРм10-08-001-13 | C35: Монтаж: блок сигнально-пусковой С2000-СП1 | D35: 1 шт. | E35: 1 | F35: 64.92 | G35: 57.52 | H35: 0.37 | K35: 65 | L35: 58 | O35: 4 | P35: 4
A36: 9 | B36: Цена поставщика | C36: Охранный объемный оптико-электронный адресный извещатель С2000-ИК исп.02 (Ц:840руб:1,18:5,98) | D36: 1 шт. | E36: 22 | F36: 119,04 840/1,18/5,98 | K36: 2619
A37: 10 | B37: ТЕРм10-08-003-05 | C37: Монтаж: охранный объемный оптико-электронный адресный извещатель С2000-ИК исп.02 | D37: 1 шт. | E37: 20 | F37: 86.32 | G37: 78.05 | H37: 0.37 | K37: 1726 | L37: 1561 | M37: 7 | O37: 5.76 | P37: 115.2
A38: 11 | B38: Цена поставщика | C38: Охранный поверхностный оптико-электронный адресный извещатель С2000-ШИК (Ц:783,21руб:1,18:5,98) | D38: 1 шт. | E38: 4 | F38: 110,99 783,21/1,18/5,98 | K38: 444
A39: 12 | B39: ТЕРм10-08-003-05 | C39: Монтаж: охранный поверхностный оптико-электронный адресный извещатель С2000-ШИК | D39: 1 шт. | E39: 4 | F39: 86.32 | G39: 78.05 | H39: 0.37 | K39: 345 | L39: 312 | M39: 1 | O39: 5.76 | P39: 23.04
A40: 13 | B40: Цена поставщика | C40: Акустический адресный охранный извещатель С2000-СТ (Ц:543,39руб:1,18:5,98) | D40: 1 шт. | E40: 21 | F40: 77,01 543,39/1,18/5,98 | K40: 1617
A41: 14 | B41: ТЕРм10-04-066-05 | C41: Монтаж: оповещатель звуковой | D41: 1 шт. | E41: 20 | F41: 13.89 | G41: 12.78 | K41: 278 | L41: 256 | O41: 1 | P41: 20
A42: 15 | B42: Цена поставщика | C42: Адресный магнитоконтактный охранный извещатель С2000-СМК (Ц:228,80руб:1,18:5,98) | D42: 1 шт. | E42: 60 | F42: 32,42 228,80/1,18/5,98 | K42: 1945
A43: 16 | B43: Цена поставщика | C43: Адресный магнитоконтактный охранный извещатель для защиты металлических дверей С2000-СМК Эстет (Ц:345,27руб:1,18:5,98) | D43: 1 шт. | E43: 5 | F43: 48,93 345,27/1,18/5,98 | K43: 245
A44: 17 | B44: ТЕРм10-08-002-01 | C44: Извещатель ПС автоматический тепловой электро-контактный, магнитоконтактный в нормальном исполнении | D44: 1 шт. | E44: 59 | F44: 13.84 | G44: 11.38 | H44: 0.17 | K44: 817 | L44: 671 | M44: 10 | O44: 0.84 | P44: 49.56
A45: 18 | B45: Болид 2014 | C45: Адресная тревожная кнопка С2000-КТ (Ц:421,85руб:1,18:5,98) | D45: 1 шт. | E45: 7 | F45: 59,78 421,85/1,18/5,98 | K45: 418
A46: 19 | B46: ТЕРм10-01-039-06 | C46: Монатж: кнопка тревожная с подготовкой места установки | D46: 1 шт. | E46: 7 | F46: 24.5 | G46: 24.02 | K46: 172 | L46: 168 | O46: 2 | P46: 14
A47: 20 | B47: Цена поставщика | C47: Блок разветвительно-изолирующий "Бриз" (Ц:320,61руб 1,18:5,98) | D47: шт | E47: 8 | F47: 45,44 320,61/1,18/5,98 | K47: 364
A48: 21 | B48: ТЕРм10-08-003-06 прим. | C48: Монтаж: блок разветвительно-изолирующий "Бриз" | D48: 1 шт. | E48: 7 | F48: 97.17 | G48: 84.04 | H48: 0.49 | K48: 680 | L48: 588 | M48: 3 | O48: 5.76 | P48: 40.32
A49: 22 | B49: Цена поставщика | C49: SKAT - 12-3.0-DIN (Ц: 1464руб:1,18:4,21) | D49: 1 шт. | E49: 1 | F49: 1464/1.18/4.21 | J49: 295 | K49: 295
A50: 23 | B50: ТЕРм10-02-016-06 | C50: Монтаж: преобразователь или блок питания | D50: 1 шт. | E50: 1 | F50: 256.7 | G50: 157.76 | H50: 33.83 | I50: 6.87 | K50: 257 | L50: 158 | M50: 34 | N50: 7 | O50: 10.1 | P50: 10.1
A51: 24 | B51: Цена поставщика | C51: АКБ 12в 7,0 А/ч (Ц:495руб:1,18:5.98) | D51: шт | E51: 1 | F51: 70,15 495/1,18/5,98 | K51: 70
A52: 25 | B52: Цена поставщика | C52: АКБ 12в 26,0 А/ч (Ц:2025руб:1,18:5.98) | D52: шт | E52: 1 | F52: 286,97 2025/1,18/5,98 | K52: 287
A53: 26 | B53: ТЕРм08-01-121-01 | C53: Монтаж: аккумулятор стационарный | D53: 1 шт. | E53: 2 | F53: 46.76 | G53: 27.91 | K53: 94 | L53: 56 | O53: 2.06 | P53: 4.12
A54: 27 | B54: Цена поставщика | C54: Блок защиты от скачков напряжения "Альбатрос-500 DIN" (Ц:931руб:1,18:4,21) | D54: шт | E54: 1 | F54: 931/1.18/5.98 | J54: 132 | K54: 132
A55: 28 | B55: ТЕРм10-08-003-03 | C55: Монтаж: блок защиты от скачков напряжения "АЛЬБАТРОС-500" | D55: 1 шт. | E55: 1 | F55: 59.97 | G55: 51.77 | H55: 0.37 | K55: 60 | L55: 52 | O55: 3.6 | P55: 3.6
A56: 29 | B56: Цена поставщика | C56: Оповещатель "Маяк-12-К" (Ц:380руб :1,18:5,98) | D56: шт | E56: 1 | F56: 53,85 380/1,18/5,98 | K56: 54
A57: 30 | B57: ТЕРм10-04-066-06 | C57: Монтаж: оповещатель комбинированный | D57: 1 шт. | E57: 1 | F57: 98.76 | G57: 74.88 | K57: 99 | L57: 75 | O57: 6 | P57: 6
A58: 31 | B58: ТЕРм10-08-019-01 | C58: Коробка ответвительная на стене | D58: 1 шт. | E58: 100 | F58: 7.32 | G58: 6.88 | K58: 732 | L58: 688 | O58: 0.5 | P58: 50
A59: 32 | B59: ТСЦ-503-0460 | C59: Разветвительная коробка УК-2 | D59: шт. | E59: 100 | F59: 2.85 | K59: 285
A60: 33 | B60: ТЕРм10-06-037-05 | C60: Шкаф настенный для приборов, размер до 640х840 мм | D60: 1 шт. | E60: 1 | F60: 121.87 | G60: 26.33 | H60: 2.39 | K60: 122 | L60: 26 | M60: 2 | O60: 2.06 | P60: 2.06
A61: 34 | B61: Цена поставщика | C61: Е5968. Шкаф SRN6425K навесной 600x400x250мм светло-серый с монтажной платой IP65 (ABB) (Ц:6164,03руб: 1,18:4,21) | D61: шт | E61: 1 | F61: 6164,03/1,18/4,21 | J61: 1241 | K61: 1241
A62: 35 | B62: Цена поставщика | C62: Петли для крепления шкафа АА 1206 (Ц:432,23руб:1,18:5,98) | D62: копл-кт | E62: 1 | F62: 61,25 432,23/1,18/5,98 | K62: 61
A63: 36 | B63: Цена поставщика | C63: Комплект проставок для шкафа АА 8025 комплект 12 шт (Ц:524руб:1,18:5,98) | D63: копл-кт | E63: 1 | F63: 74,26 524/1,18/5,98 | K63: 74
A64: 37 | B64: Цена поставщика | C64: DIN-рейка (40см) оцинкованная (Ц:42руб :1,18:5,98) | D64: шт | E64: 1 | F64: 5,95 42/1,18/5,98 | K64: 6
A65: 38 | B65: Цена поставщика | C65: Шина нул в корп изол на DIN-рейку ШНИ-6х9-12-К-З ИЭК YNN10-69-12KD-K06 (Ц:68,60руб :1,18:5,98) | D65: шт | E65: 4 | F65: 9,72 68,60/1,18/5,98 | K65: 39
A66: 39 | B66: Цена поставщика | C66: Шина "N"нулевая 6х9мм 14/2 (14групп/крепеж по краям) ИЭК YNN11-14-100 (Ц:74,90руб :1,18:5,98) | D66: шт | E66: 1 | F66: 10,61 74,90/1,18/5,98 | K66: 11
A67: 40 | B67: ТЕРм11-03-001-01 | C67: Приборы, устанавливаемые на металлоконструкциях, щитах и пультах, масса до 5 кг | D67: 1 шт. | E67: 6 | F67: 8.41 | G67: 7.26 | K67: 50 | L67: 44 | O67: 0.52 | P67: 3.12
A68: 41 | B68: Цена поставщика | C68: АВТ. ВЫКЛ.iC60N 1П 6A C A9F79106 | D68: шт | E68: 1 | F68: 36,14 255/1,18/5,98 | K68: 36
A69: 42 | B69: Цена поставщика | C69: АВТ. ВЫКЛ.iC60N 1П 10A C A9F79110 | D69: шт | E69: 1 | F69: 28,85 203,59/1,18/5,98 | K69: 29
A70: 43 | B70: ТЕРм08-03-526-01 | C70: Автомат одно-, двух-, трехполюсный, устанавливаемый на конструкции, на ток до 25 А | D70: 1 шт. | E70: 2 | F70: 174.77 | G70: 20.9 | H70: 1.28 | K70: 350 | L70: 42 | M70: 3 | O70: 1.56 | P70: 3.12
A71: 44 | B71: ФЕРм08-02-390-01 | C71: Короба пластмассовые: шириной до 40 мм КОЭФ. К ПОЗИЦИИ: Приведение расценок ФЕР к территориальному уровню (Письмо УРЦЦС Ц-297 от 12.04.2011) ОЗП=1,41; ЭМ=1,242; ЗПМ=1,41; МАТ=1,052 | D71: 100 м | E71: 3 | F71: 311.4 | G71: 218.44 | H71: 38.75 | I71: 0.17 | K71: 934 | L71: 655 | M71: 116 | N71: 1 | O71: 16.29 | P71: 48.87
A72: 45 | B72: Цена поставщика | C72: TMC 15x17 Миниканал 00303 (Ц:29,41руб:1,18:5,98) | D72: м | E72: 300 | F72: 4,17 29,41/1,18/5,98 | K72: 1251
A73: 46 | B73: Цена поставщика | C73: Кабель антенный коаксиальный 50Ом RG58U (Ц:15000руб.:1,18:5.98) | D73: 1000 м | E73: 0.02856 | F73: 2125,73 15000/1.18/5.98 | K73: 61
A74: 47 | B74: Цена поставщика | C74: Кабель силовой ПСВВ 3х1,5мм2 (Ц:16000руб.:1,18:5.98) | D74: 1000 м | E74: 0.0306 | F74: 2267,45 16000/1.18/5.98 | K74: 69
A75: 48 | B75: Цена поставщика | C75: Кабель симметричный КССПВ-5 1х2х0,52 UTR4-Cat5 (Ц:4550руб.:1,18:5.98) | D75: 1000 м | E75: 0.612 | F75: 644,8 4,55*1000/1.18/5.98 | K75: 395
A76: 49 | B76: Цена поставщика | C76: Шнур ШВВП 2х0,75мм2 (Ц:9000руб.:1,18:5.98) | D76: 1000 м | E76: 0.0612 | F76: 1275,44 9000/1.18/5.98 | K76: 78
A77: 50 | B77: ТЕРм08-02-399-01 | C77: Провод (кабель) в коробах, сечением до 6 мм2 | D77: 100 м | E77: 4.18 | F77: 189.23 | G77: 46.64 | H77: 56.09 | I77: 24.55 | K77: 791 | L77: 195 | M77: 234 | N77: 103 | O77: 3.52 | P77: 14.71
A78: 51 | B78: ТЕРм08-02-413-01 | C78: Провод (кабель), количество проводов в резинобитумной трубке до 2, сечение провода до 6 мм2 | D78: 100 м трубок | E78: 3 | F78: 1497.34 | G78: 267.65 | H78: 64.3 | I78: 4 | K78: 4492 | L78: 803 | M78: 193 | N78: 12 | O78: 20.2 | P78: 60.6
A79: 52 | B79: ТСЦ-301-1380 | C79: Трубки защитные гофрированные | D79: м | E79: 330 | J79: 3303 | K79: 3303
A80: 53 | B80: Цена поставщика | C80: Передатчик ПРД-160 (Ц:2950руб :1,18:4,21) | D80: шт | E80: 1 | F80: 2950/1,18/4,21 | J80: 594 | K80: 594
A81: 54 | B81: ТЕРм10-04-088-01 прим. | C81: Монтаж: передатчик | D81: 1 компл. | E81: 1 | F81: 213.25 | G81: 135.5 | K81: 213 | L81: 136 | O81: 10 | P81: 10
A82: 55 | B82: Цена поставщика | C82: Антенна "СР-168-170" (Ц:893руб :1,18:4,21) | D82: шт | E82: 1 | F82: 893/1,18/4,21 | J82: 180 | K82: 180
A83: 56 | B83: Цена поставщика | C83: Антенна ADA-0062 (Ц:354руб :1,18:4,21) | D83: шт | E83: 1 | F83: 354/1,18/4,21 | J83: 71 | K83: 71
A84: 57 | B84: ТЕРм10-04-088-01 | C84: Монтаж: антенна | D84: шт. | E84: 2 | F84: 213.25 | G84: 135.5 | K84: 427 | L84: 271 | O84: 10 | P84: 20
A85: 58 | B85: Цена поставщика | C85: ВЧ-кабельный разъём PL259/4 (Ц:70руб.:1,18:5.98) | D85: шт | E85: 1 | F85: 9,92 70/1,18/5,98 | K85: 10
A86: 59 | B86: Цена поставщика | C86: Сотовый модем "Дятел" (Ц:3068руб :1,18:4,21) | D86: шт | E86: 1 | F86: 3068/1,18/4,21 | J86: 618 | K86: 618
A87: 60 | B87: ТЕРм10-03-013-05 прим. | C87: Монтаж: модем | D87: 1 шт. | E87: 1 | F87: 137.61 | G87: 91.6 | H87: 20.76 | I87: 4.22 | K87: 138 | L87: 92 | M87: 21 | N87: 4 | O87: 6.76 | P87: 6.76
A88: 61 | B88: Цена поставщика | C88: ППК "Протон-4" (Ц:5300руб :1,18:4,21) | D88: шт | E88: 1 | F88: 5300/1,18/4,21 | J88: 1067 | K88: 1067
A89: 62 | B89: ТЕРм10-08-001-02 | C89: Приборы ПС приемно-контрольные, пусковые, концентратор блок базовый на 20 лучей | D89: 1 шт. | E89: 1 | F89: 187.59 | G89: 165.79 | H89: 0.46 | K89: 188 | L89: 166 | O89: 11.7 | P89: 11.7
A90: 63 | B90: ТЕР46-03-010-04 | C90: Пробивка в бетонных потолках толщиной 100 мм отверстий площадью до 20 см2 | D90: 100 отверстий | E90: 0.02 | F90: 1252.93 | G90: 274.7 | H90: 978.23 | I90: 90.6 | K90: 25 | L90: 5 | M90: 20 | N90: 2 | O90: 20.5 | P90: 0.41
A91: 64 | B91: ТЕР46-03-009-03 | C91: Пробивка в кирпичных стенах отверстий круглых диаметром до 25 мм при толщине стен до 25 см | D91: 100 шт. | E91: 0.29 | F91: 2653.68 | G91: 592.26 | H91: 2061.42 | I91: 228.36 | K91: 770 | L91: 172 | M91: 598 | N91: 66 | O91: 45.77 | P91: 13.27
A92: 65 | B92: ТЕР46-03-009-06 | C92: Пробивка в кирпичных стенах отверстий круглых диаметром до 50 мм при толщине стен до 25 см | D92: 100 шт. | E92: 0.04 | F92: 2719.16 | G92: 657.74 | H92: 2061.42 | I92: 228.36 | K92: 109 | L92: 26 | M92: 83 | N92: 9 | O92: 50.83 | P92: 2.03
A93: 66 | B93: ТЕРр69-4-1 | C93: Заделка отверстий в местах прохода трубопроводов в стенах и перегородках оштукатуренных | D93: 100 отверстий | E93: 0.35 | F93: 1343.1 | G93: 944.71 | H93: 2.02 | I93: 0.78 | K93: 470 | L93: 331 | M93: 1 | O93: 78.66 | P93: 27.53
A94: Раздел 2. Пусконаладочные работы (в холостую 80%)
A95: 67 | B95: ТЕРп01-03-001-01 | C95: Выключатель однополюсный напряжением до 1 кВ с электромагнитным, тепловым или комбинированным расцепителем КОЭФ. К ПОЗИЦИИ: 5. С учетом К=1,3 за выполнение ПНР в электроустановках, находящихся под напряжением с оформлением при этом наряда-допуска или распоряжения прил.1.1 п.3+4= 45% (30х45=13,5)% ОЗП=1,135; ЭМ=1,135; ТЗ=1,135 | D95: 1 шт. | E95: 2 | F95: 22.53 | G95: 22.53 | K95: 45 | L95: 45 | O95: 1.7 | P95: 3.4
A96: 68 | B96: ТЕРп01-11-013-01 | C96: Замер полного сопротивления цепи «фаза-нуль» КОЭФ. К ПОЗИЦИИ: 5. С учетом К=1,3 за выполнение ПНР в электроустановках, находящихся под напряжением с оформлением при этом наряда-допуска или распоряжения прил.1.1 п.3+4= 45% (30х45=13,5)% ОЗП=1,135; ЭМ=1,135; ТЗ=1,135 | D96: 1 токоприемник | E96: 4 | F96: 30.71 | G96: 30.71 | K96: 123 | L96: 123 | O96: 1.7 | P96: 6.8
A97: 69 | B97: ТЕРп01-11-011-01 | C97: Проверка наличия цепи между заземлителями и заземленными элементами КОЭФ. К ПОЗИЦИИ: 5. С учетом К=1,3 за выполнение ПНР в электроустановках, находящихся под напряжением с оформлением при этом наряда-допуска или распоряжения прил.1.1 п.3+4= 45% (30х45=13,5)% ОЗП=1,135; ЭМ=1,135; ТЗ=1,135 | D97: 100 точек | E97: 0.04 | F97: 327.61 | G97: 327.61 | K97: 13 | L97: 13 | O97: 18.16 | P97: 0.73
A98: 70 | B98: ТЕРп01-11-028-01 | C98: Измерение сопротивления изоляции мегаомметром кабельных и других линий напряжением до 1 кВ, предназначенных для передачи электроэнергии к распределительным устройствам, щитам, шкафам, коммутационным аппаратам и электропотребителям КОЭФ. К ПОЗИЦИИ: 5. С учетом К=1,3 за выполнение ПНР в электроустановках, находящихся под напряжением с оформлением при этом наряда-допуска или распоряжения прил.1.1 п.3+4= 45% (30х45=13,5)% ОЗП=1,135; ЭМ=1,135; ТЗ=1,135 | D98: 1 линия | E98: 10 | F98: 8.19 | G98: 8.19 | K98: 82 | L98: 82 | O98: 0.45 | P98: 4.5
A99: 71 | B99: ТЕРп01-06-010-03 | C99: Выпрямительный блок питания (токовый или напряжения) для питания цепей защиты, управления и сигнализации мощностью до 1 кВА со стабилизацией выходного напряжения КОЭФ. К ПОЗИЦИИ: 5. С учетом К=1,3 за выполнение ПНР в электроустановках, находящихся под напряжением с оформлением при этом наряда-допуска или распоряжения прил.1.1 п.3+4= 45% (30х45=13,5)% ОЗП=1,135; ЭМ=1,135; ТЗ=1,135 | D99: 1 устройство | E99: 1 | F99: 504.26 | G99: 504.26 | K99: 504 | L99: 504 | O99: 28.38 | P99: 28.38
A100: 72 | B100: ТЕРп01-10-001-01 | C100: Сбор и реализация сигналов информации устройств защиты, автоматики электрических и технологических режимов КОЭФ. К ПОЗИЦИИ: 0.10 При выполнении пусконаладочных работ на высоте от 2 до 8м ОЗП=1,1; ТЗ=1,1; 5. С учетом К=1,3 за выполнение ПНР в электроустановках, находящихся под напряжением с оформлением при этом наряда-допуска или распоряжения прил.1.1 п.3+4= 45% (30х45=13,5)% ОЗП=1,135; ЭМ=1,135; ТЗ=1,135 | D100: 1 сигнал | E100: 110 | F100: 30.86 | G100: 30.86 | K100: 3395 | L100: 3395 | O100: 1.87 | P100: 205.7
A101: 73 | B101: ТЕРп01-10-010-01 | C101: Схема контроля изоляции электрической сети с помощью электроизмерительных приборов КОЭФ. К ПОЗИЦИИ: 5. С учетом К=1,3 за выполнение ПНР в электроустановках, находящихся под напряжением с оформлением при этом наряда-допуска или распоряжения прил.1.1 п.3+4= 45% (30х45=13,5)% ОЗП=1,135; ЭМ=1,135; ТЗ=1,135 | D101: 1 схема | E101: 2 | F101: 108.26 | G101: 108.26 | K101: 217 | L101: 217 | O101: 6.81 | P101: 13.62
A102: 74 | B102: ТЕРп02-01-002-01 | C102: Автоматизированная система управления II категории технической сложности с количеством каналов (Кобщ) 2 КОЭФ. К ПОЗИЦИИ: 5. С учетом К=1,3 за выполнение ПНР в электроустановках, находящихся под напряжением с оформлением при этом наряда-допуска или распоряжения прил.2.6 п.2+3= 75% (30х75=22,5)% ОЗП=1,225; ЭМ=1,225; ТЗ=1,225 | D102: 1 система | E102: 1 | F102: 449.55 | G102: 449.55 | K102: 450 | L102: 450 | O102: 21.56 | P102: 21.56
A103: 75 | B103: ТЕРп02-01-002-02 | C103: Автоматизированная система управления II категории технической сложности с количеством каналов (Кобщ) за каждый канал свыше 2 до 9 добавлять к расценке 02-01-002-01 КОЭФ. К ПОЗИЦИИ: 5. С учетом К=1,3 за выполнение ПНР в электроустановках, находящихся под напряжением с оформлением при этом наряда-допуска или распоряжения прил.2.6 п.2+3= 75% (30х75=22,5)% ОЗП=1,225; ЭМ=1,225; ТЗ=1,225 | D103: 1 канал | E103: 2 | F103: 216.35 | G103: 216.35 | K103: 433 | L103: 433 | O103: 10.38 | P103: 20.76
...

Sheet 25323
E1: ФГУП "Комбинат "Электрохимприбор" | M1: УТВЕРЖДАЮ:
G2: (наименование стройки) | M2: Зам. генерального директора
M3: Е.В.Гордеев
A4: _________________ | M4: _________________
A5: " _____ " ________________ 2014 г. | M5: "______ " __________2014 г.
G7: ЛОКАЛЬНЫЙ СМЕТНЫЙ РАСЧЕТ № 25323
G8: (взамен сметы 25304)
C10: на | D10: реконструкцию помещений для отдела 042, г.Лесной, ул. Островского, 2. Инв. № 8811031
E11: Раздел: Наружные линии связи.
F12: (наименование работ и затрат, наименование объекта)
D14: Основание: проект №24844-14-СС
D15: Сметная стоимость _______________________________________________________________________________________________ | J15: ___________________________152,218 | L15: тыс. руб.
D16: строительных работ _______________________________________________________________________________________________ | J16: _______________________________________________________________________________________________7,325 | L16: тыс. руб.
D17: монтажных работ _______________________________________________________________________________________________ | J17: _______________________________________________________________________________________________106,550 | L17: тыс. руб.
D18: прочих (ПНР "в холостую 80%") _______________________________________________________________________________________________ | J18: _______________________________________________________________________________________________16,238 | L18: тыс. руб.
D19: оборудования _______________________________________________________________________________________________ | J19: _______________________________________________________________________________________________22,105 | L19: тыс. руб.
D20: Средства на оплату труда _______________________________________________________________________________________________ | J20: ___________________________25,880 | L20: тыс. руб.
D21: Сметная трудоемкость _______________________________________________________________________________________________ | J21: _______________________________________________________________________________________________1465,92 | L21: чел.час
D22: Материалы ______________________________________ | K22: =K115/1000 -> 34.952 | L22: тыс. руб.
D23: Составлен(а) в базовых ценах 2001г. в редакции 2009г.
A25: № пп | B25: Обосно- вание | C25: Наименование | D25: Ед. изм. | E25: Кол. | F25: Стоимость единицы, руб. | J25: Общая стоимость, руб. | O25: Т/з осн. раб.на ед. | P25: Т/з осн. раб. Всего | Q25: Общая масса обору-дования, т
F26: Всего | G26: В том числе | J26: Обору- дование | K26: Всего | L26: В том числе
G27: Осн.З/п | H27: Эк.Маш | I27: З/пМех | L27: Осн.З/п | M27: Эк.Маш | N27: З/пМех
A28: 1 | B28: 2 | C28: 3 | D28: 4 | E28: 5 | F28: 6 | G28: 7 | H28: 8 | I28: 9 | J28: 10 | K28: 11 | L28: 12 | M28: 13 | N28: 14 | O28: 15 | P28: 16 | Q28: 17
A29: Раздел 1. Монтажные работы внутри зданий
A30: 1 О | B30: Цена поставщика | C30: Модульный VoIP-шлюз DVG-2032S/16CORU (16 FXS портов, 1 LAN-порт 10\100 Мбит/с, 1 WAN-порт 10\100 Мбит/с, возможность установки дополнительного модуля на 16 FXS-портов) | D30: шт. | E30: 1 | F30: 1641,51 8154,70/1,18/4,21 | J30: 1642 | K30: 1642
A31: 2 | B31: ТЕРм10-03-013-05 прим. | C31: Монтаж: модульный VoIP-шлюз DVG-2032S/16CORU | D31: 1 шт. | E31: 1 | F31: 137.61 | G31: 91.6 | H31: 20.76 | I31: 4.22 | K31: 138 | L31: 92 | M31: 21 | N31: 4 | O31: 6.76 | P31: 6.76
A32: 3 О | B32: Цена поставщика | C32: Управляемый коммутатор 2 уровня DES-3200-28/C1 | D32: шт. | E32: 2 | F32: 2121,21 10537,77/1,18/4,21 | J32: 4242 | K32: 4242
A33: 4 | B33: ТЕРм10-03-013-05 прим. | C33: Монтаж: коммутатор 2 уровня DES-3200-28/C1 | D33: 1 шт. | E33: 2 | F33: 137.61 | G33: 91.6 | H33: 20.76 | I33: 4.22 | K33: 275 | L33: 183 | M33: 42 | N33: 8 | O33: 6.76 | P33: 13.52
A34: 5 О | B34: Цена поставщика | C34: Модуль SFP DEM-310GT | D34: шт. | E34: 4 | F34: 202,53 1006,15/1,18/4,21 | J34: 810 | K34: 810
A35: 6 | B35: ТЕРм10-03-013-05 прим. | C35: Монтаж: аппаратура сопряжения канала передачи данных (модуль D-Link) | D35: 1 шт. | E35: 4 | F35: 137.61 | G35: 91.6 | H35: 20.76 | I35: 4.22 | K35: 550 | L35: 366 | M35: 83 | N35: 17 | O35: 6.76 | P35: 27.04
A36: 7 | B36: ТЕРм10-06-033-33 прим. | C36: Маркировка информационных портов шлюза, коммутаторов, модулей SFP | D36: 1 шт | E36: 156 1*18*2+2*28*2+4*1*2 | F36: 2.45 | G36: 2.4 | K36: 382 | L36: 374 | O36: 0.2 | P36: 31.2
A37: 8 | B37: Цена поставщика | C37: Оптический патч-корд LC/UPC-SC/UPC 9/125 duplex SM одномодульный 2м | D37: шт. | E37: 4 | F37: 62,23 439,11/1,18/5,98 | K37: 249
A38: 9 | B38: ТЕРм11-04-028-01 | C38: Включение в аппаратуру разъемов штепсельных, количество контактов в разъеме до 14 шт. | D38: 1 разъем | E38: 8 4*2 | F38: 2.98 | G38: 2.92 | K38: 24 | L38: 23 | O38: 0.22 | P38: 1.76
A39: 10 О | B39: Цена поставщика | C39: Шкаф 19" напольный Server MAX 42U800*1000 SRV42U8BR1R1 | D39: шт. | E39: 1 | F39: 14513,27 72099/1,18/4,21 | J39: 14513 | K39: 14513
A40: 11 | B40: ТЕРм10-04-113-02 прим. | C40: Монтаж: шкаф 19" напольный Server MAX 42U800*1000 | D40: 1 шт. | E40: 1 | F40: 287.67 | G40: 209.59 | H40: 49.97 | I40: 10.15 | K40: 288 | L40: 210 | M40: 50 | N40: 10 | O40: 16.4 | P40: 16.4 | Q40: 0.2
A41: 12 | B41: Цена поставщика | C41: Вентиляторный модуль с 6 вентиляторами и управляемым термостатом для шкафов Server MAX, черный M55HV6FSTB | D41: шт. | E41: 1 | F41: 1063,29 7503/1,18/5,98 | K41: 1063
A42: 13 | B42: ТЕРм11-03-001-01 прим. | C42: Монтаж: вентиляторный модуль с 6 вентиляторами и управляемым термостатом | D42: 1 шт. | E42: 1 | F42: 8.41 | G42: 7.26 | K42: 8 | L42: 7 | O42: 0.52 | P42: 0.52
A43: 14 | B43: Цена поставщика | C43: 19" 1U консольная полка глубина 400 мм E44RAK40B | D43: шт. | E43: 1 | F43: 157,02 1108/1,18/5,98 | K43: 157
A44: 15 | B44: Цена поставщика | C44: 19" стационарная полка усиленной конструкции, регулируемая глубина M55SR720B | D44: шт. | E44: 1 | F44: 486,79 3435/1,18/5,98 | K44: 487
A45: 16 | B45: Цена поставщика | C45: Уголки для шкафа глубиной 1000 мм, комплект 2 шт. M44RLD100 | D45: шт. | E45: 1 | F45: 162,26 1145/1,18/5,98 | K45: 162
A46: 17 | B46: Цена поставщика | C46: Высокопрочные опоры, металлические с резиновым покрытием (комплект 4 шт.), высота 90 мм, регулируемые M11PNY99 | D46: шт. | E46: 1 | F46: 105,86 747/1,18/5,98 | K46: 106
A47: 18 | B47: Цена поставщика | C47: Органайзер кабельный 19" 1U 5 колец, черный E440RG1UB | D47: шт. | E47: 2 | F47: 97,5 688/1,18/5,98 | K47: 195
A48: 19 | B48: ТЕРм11-03-001-01 прим. | C48: Монтаж в шкаф полок, уголков, опор, органайзеров кабельных | D48: 1 шт. | E48: 10 1+1+1*2+1*4+2 | F48: 8.41 | G48: 7.26 | K48: 84 | L48: 73 | O48: 0.52 | P48: 5.2
A49: 20 | B49: Цена поставщика | C49: Блок розеток 9 поз. Schuko PDU/2,5 м M449SBKA | D49: шт. | E49: 1 | F49: 329,91 2328/1,18/5,98 | K49: 330
A50: 21 | B50: ТЕРм08-03-591-12 прим. | C50: Монтаж: блок розеток | D50: 100 шт. | E50: 0,01 1/100 | F50: 1151.02 | G50: 969.52 | H50: 20.46 | I50: 1.27 | K50: 12 | L50: 10 | O50: 69.4 | P50: 0.69
A51: 22 | B51: Цена поставщика | C51: Коммутационная панель 19" с 24 ST разъемами, выдвижная, черная 1U, глубина 300 мм AMP 4-1206138-4 | D51: шт. | E51: 1 | F51: 1556,03 10980/1,18/5,98 | K51: 1556
A52: 23 | B52: ТЕРм10-04-112-02 | C52: Шкаф или панель коммутации связи и сигнализации в шкафу, количество пар 100 | D52: 1 шт. | E52: 1 | F52: 508.42 | G52: 379.4 | K52: 508 | L52: 379 | O52: 28 | P52: 28 | Q52: 0.004
A53: 24 | B53: Цена поставщика | C53: Коммутационная панель 19" с 12 ST разъемами, выдвижная, черная 1U, глубина 300 мм AMP 2-1206138-4 | D53: шт. | E53: 2 | F53: 1067,22 7027/1,18/5,58 | K53: 2134
A54: 25 | B54: ТЕРм10-04-112-01 | C54: Шкаф или панель коммутации связи и сигнализации в шкафу, количество пар до 20 | D54: 1 шт. | E54: 2 | F54: 94.46 | G54: 67.75 | K54: 189 | L54: 136 | O54: 5 | P54: 10 | Q54: 0.01
A55: 26 | B55: ТЕРм10-06-033-33 | C55: Маркировка информационных портов розеток, коммутационных панелей | D55: 1 шт | E55: 96 1*24*2+2*12*2 | F55: 2.45 | G55: 2.4 | K55: 235 | L55: 230 | O55: 0.2 | P55: 19.2
A56: 27 | B56: Цена поставщика | C56: Пигтейл SC/PC SM, 1м | D56: шт. | E56: 48 | F56: 13,61 96,03/1,18/5,98 | K56: 653
A57: 28 | B57: ТЕРм11-04-020-01 | C57: Разделка информационных кабелей и установка разъемов (коммутационные кабели) | D57: 1 шт. | E57: 96 48*2 | F57: 33.86 | G57: 27.3 | K57: 3251 | L57: 2621 | O57: 2.06 | P57: 197.76
A58: 29 | B58: ТЕРм10-06-032-01 | C58: Комплекс измерений постоянным током смонтированных парных кабелей до и после включения в оконечные устройства | D58: 100 пар | E58: 0,48 48/100 | F58: 188.66 | G58: 176.15 | K58: 91 | L58: 85 | O58: 13 | P58: 6.24
A59: 30 | B59: Цена поставщика | C59: Кабель оптический ИКСН-М4П-А16-2,5 | D59: 1000 м | E59: 2,142 2100*1,02/1000 | F59: 7653,76 54008/1,18/5,98 | K59: 16394
A60: 31 | B60: ТЕРм10-01-054-01 прим. | C60: Прокладка кабеля оптического в кабель-канале | D60: 100 м кабеля | E60: 0,48 48/100 | F60: 126.41 | G60: 93.68 | H60: 25.37 | I60: 5.15 | K60: 61 | L60: 45 | M60: 12 | N60: 2 | O60: 7.8 | P60: 3.74
A61: 32 | B61: ТЕРм08-02-413-02 | C61: Кабель оптический за подвесным потолком (1.8.3.ОППри производстве работ на высоте свыше расстояний, указанных в вводных указаниях к разделам сборника: при высоте свыше 2 до 8 м ОЗП=1,05; ТЗ=1,05) | D61: 100 м | E61: 0,3 30/100 | F61: 1655.27 | G61: 390.95 | H61: 96.44 | I61: 6.01 | K61: 497 | L61: 117 | M61: 29 | N61: 2 | O61: 29.505 | P61: 8.85
A62: 33 | B62: ТЕРм10-01-055-02 | C62: Прокладка кабеля, масса 1 м до 1 кг, по стене кирпичной | D62: 100 м кабеля | E62: 0,6 60/100 | F62: 1837.57 | G62: 474.14 | H62: 129.78 | I62: 23.9 | K62: 1103 | L62: 284 | M62: 78 | N62: 14 | O62: 37.1 | P62: 22.26
A63: 34 | B63: ТЕРм08-02-412-03 | C63: Затягивание провода в проложенные трубы и металлические рукава первого одножильного или многожильного в общей оплетке, суммарное сечение до 16 мм2 | D63: 100 м | E63: 0,02 2/100 | F63: 730.59 | G63: 104.15 | H63: 11.69 | I63: 0.73 | K63: 15 | L63: 2 | O63: 7.86 | P63: 0.16
A64: Раздел 2. Монтажные работы наружные
A65: 35 | B65: Цена поставщика | C65: Муфта оптическая тупиковая под термоусадку SNR-FOSC-Q-T (GPJ-Q-T) | D65: шт. | E65: 1 | F65: 201,94 1425/1,18/5,98 | K65: 202
A66: 36 | B66: Цена поставщика | C66: Трубка термоусадочная с клеем 30/08 | D66: шт. | E66: 1 | F66: 34,86 246/1,18/5,98 | K66: 35
A67: 37 | B67: ТЕРм10-06-051-04 прим. | C67: Монтаж: Муфта оптическая тупиковая под термоусадку SNR-FOSC-Q-T (GPJ-Q-T) 6 284,83 = 28 437,87 - 32,82 x 652,39 - 1 x 741,60 | D67: 1 шт. | E67: 1 | F67: 6284.83 | G67: 1292.2 | H67: 4805.96 | I67: 594.34 | K67: 6285 | L67: 1292 | M67: 4806 | N67: 594 | O67: 71 | P67: 71
A68: Уд | B68: 1. 171312 | C68: Лаборатория передвижная монтажно-измерительная на базе автомобиля КАМАЗ-43101 (ЛИОК) | D68: маш.-ч | E68: 32,82 32,82 | F68: 652.39 | H68: 652.39 | I68: 18.2 | K68: 21411.44 | M68: 21411.44 | N68: 597.32
A69: Уд | B69: 2. 502-0650 | C69: Муфта оптическая МОГ-М-01-IV | D69: компл. | E69: 1 1 | F69: 741.6 | K69: 741.6
A70: 38 | B70: ТЕРм10-06-048-06 | C70: Прокладка волоконно-оптических кабелей в канализации в трубопроводе по свободному каналу | D70: 100 м кабеля | E70: 19,1 1910/100 | F70: 534.58 | G70: 218.85 | H70: 304.24 | I70: 37.64 | K70: 10210 | L70: 4180 | M70: 5811 | N70: 719 | O70: 15 | P70: 286.5
A71: 39 | B71: ТЕРм10-06-034-28 | C71: Герметизация канала кабельной канализации занятого | D71: 1 канал | E71: 79 | F71: 102.32 | G71: 7.2 | K71: 8083 | L71: 569 | O71: 0.55 | P71: 43.45
A72: 40 | B72: ТЕР15-01-064-01 | C72: Разборка стен фасадов зданий из искусственных плит на металлическом каркасе, с последующим использованием плит (разборка ОЗП=0,8; ЭМ=0,8 к расх.; ЗПМ=0,8; МАТ=0 к расх.; ТЗ=0,8; ТЗМ=0,8) | D72: 100 м2 поверхности облицовки | E72: 0,4 40/100 | F72: 3031.23 | G72: 2926.8 | H72: 104.43 | I72: 5.75 | K72: 1212 | L72: 1171 | M72: 41 | N72: 2 | O72: 216 | P72: 86.4
A73: 41 | B73: ТЕР15-01-064-01 | C73: Облицовка стен фасадов зданий искусственными плитами на металлическом каркасе б/у (на материалы МАТ=0 к расх.) | D73: 100 м2 поверхности облицовки | E73: 0,4 40/100 | F73: 3789.04 | G73: 3658.5 | H73: 130.54 | I73: 7.19 | K73: 1516 | L73: 1464 | M73: 52 | N73: 3 | O73: 270 | P73: 108
A74: 42 | B74: ТЕРм10-01-055-02 | C74: Прокладка кабеля, масса 1 м до 1 кг, по стене кирпичной | D74: 100 м кабеля | E74: 0,5 50/100 | F74: 1837.57 | G74: 474.14 | H74: 129.78 | I74: 23.9 | K74: 919 | L74: 237 | M74: 65 | N74: 12 | O74: 37.1 | P74: 18.55
A75: 43 | B75: ТЕРм10-06-054-12 | C75: Измерение на смонтированном участке волоконно-оптического зонового кабеля в одном направлении с числом волокон 16 | D75: 1 участок | E75: 2 | F75: 11579.81 | G75: 473.2 | H75: 11097.15 | I75: 309.58 | K75: 23160 | L75: 946 | M75: 22194 | N75: 619 | O75: 26 | P75: 52
A76: 44 | B76: ТЕР46-03-009-05 | C76: Пробивка в кирпичных стенах отверстий круглых диаметром до 25 мм при толщине стен до 51 см | D76: 100 шт. | E76: 0,01 1/100 | F76: 5141.15 | G76: 1133.93 | H76: 4007.22 | I76: 443.92 | K76: 51 | L76: 11 | M76: 40 | N76: 4 | O76: 87.63 | P76: 0.88
A77: 45 | B77: ТЕРм08-02-374-01 | C77: Устройство ввода в стальной трубе, провод сечением до 16 мм2 | D77: 1 шт. | E77: 1 | F77: 499.66 | G77: 47.48 | H77: 437.69 | I77: 50.96 | K77: 500 | L77: 47 | M77: 438 | N77: 51 | O77: 3.21 | P77: 3.21
A78: 46 | B78: ТСЦ-103-0002 | C78: Трубы стальные сварные водогазопроводные с резьбой черные легкие (неоцинкованные) диаметр условного прохода 20 мм, толщина стенки 2,5 мм | D78: м | E78: 0.5 | F78: 14.72 | K78: 7
A79: 47 | B79: ТЕРм08-02-155-01 | C79: Герметизация проходов при вводе кабелей в помещения уплотнительной массой | D79: 1 проход кабеля | E79: 1 | F79: 22.58 | G79: 6.37 | K79: 23 | L79: 6 | O79: 0.47 | P79: 0.47
A80: Раздел 3. Пусконаладочные работы
A81: 48 | B81: ТЕРп02-01-001-05 | C81: Автоматизированная система управления I категории технической сложности с количеством каналов (Кобщ) 20 (С учетом К=1,3 за выполнение ПНР в электроустановках, находящихся под напряжением с оформлением при этом наряда-допуска или распоряжения прил.2.6 п.2+3=75% (30*75=22,5)% ОЗП=1,225; ЭМ=1,225; ТЗ=1,225) | D81: 1 система | E81: 2 | F81: 3132.79 | G81: 3132.79 | K81: 6266 | L81: 6266 | O81: 156.8 | P81: 313.6
A82: 49 | B82: ТЕРп01-06-002-01 | C82: Коммутатор, коммутационные панели (С учетом К=1,3 за выполнение ПНР в электроустановках, находящихся под напряжением с оформлением при этом наряда-допуска или распоряжения прил.1.1 п.3+4=45% (30*45=13,5)% ОЗП=1,135; ЭМ=1,135; ТЗ=1,135) | D82: 1 шт. | E82: 5 2+1+2 | F82: 645.44 | G82: 645.44 | K82: 3227 | L82: 3227 | O82: 36.32 | P82: 181.6
A83: Итого прямые затраты по смете в ценах 2001г. | K83: 114100 | L83: 24653 | M83: 33762 | N83: 2061 | P83: 1564.96
A84: Итого прямые затраты по смете с учетом коэффициентов к итогам | K84: 114638 | L84: 23732 | M84: 33849 | N84: 2148 | P84: 1465.92
A85: В том числе, справочно:
A86: Районный к-т 4,3% (Поз. 40-41, 2, 4, 6, 13, 19, 31, 33, 42, 7, 26, 29, 37-39, 9, 11, 23, 25, 28, 21, 32, 34, 45, 47, 43, 48-49) | K86: 1146 | L86: 1060 | M86: 88 | N86: 88
A87: Заготовительно-складские расходы на материалы - согласно п.4.64 из МДС 81-35.2004 МАТ=1,02 (Поз. 8, 12, 14-18, 20, 22, 24, 27, 30, 35-36) | K87: 474
A88: Транспортные расходы на оборудование - согласно п.4.60 из МДС 81-35.2004 ПЗ=1,03 (ОЗП=1,03; ЭМ=1,03; МАТ=1,03) (Поз. 1, 3, 5, 10) | K88: 636
A89: Заготовительно-складские расходы на оборудование - согласно п.4.64 из МДС 81-35.2004 ПЗ=1,012 (ОЗП=1,012; ЭМ=1,012; МАТ=1,012) (Поз. 1, 3, 5, 10) | K89: 262
A90: Пусконаладочные работы (в холостую 80%) ПЗ=0,8 (ОЗП=0,8; ЭМ=0,8; ЗПМ=0,8; МАТ=0,8; ТЗ=0,8; ТЗМ=0,8) (Поз. 48-49) | K90: -1980 | L90: -1980 | P90: -99.04
A91: Накладные расходы | K91: 23001
A92: В том числе, справочно:
A93: 65% ФОТ (от 7921) (Поз. 48-49) | K93: 5149
A94: 80% ФОТ (от 1401) (Поз. 2, 4, 6, 13, 19, 31, 33, 42) | K94: 1121
A95: 92% ФОТ (от 3524) (Поз. 9, 11, 23, 25, 28) | K95: 3242
A96: 95% ФОТ (от 245) (Поз. 21, 32, 34, 45, 47) | K96: 233
A97: 100% ФОТ (от 8388) (Поз. 7, 26, 29, 37-39) | K97: 8388
A98: 105% ФОТ (от 2753) (Поз. 40-41) | K98: 2891
A99: 110% ФОТ (от 15) (Поз. 44) | K99: 17
A100: 120% ФОТ (от 1633) (Поз. 43) | K100: 1960
A101: Сметная прибыль | K101: 14579
A102: В том числе, справочно:
A103: 40% ФОТ (от 7921) (Поз. 48-49) | K103: 3168
A104: 55% ФОТ (от 2753) (Поз. 40-41) | K104: 1514
...

Sheet СМР
A1: Расчет начальной (максимальной) цены на
A2: выполнение работ по монтажу наружных и внутренних сетей связи и охранной сигнализации в здании расположенном по ул. Островского, 2
A4: Наименование глав ССР, объектный сметных расчетов, локальных сметных расчетов, видов прочих работ | B4: Сметная стоимость строительства в базисном уровне цен на 01.01.2000г. по ССР | F4: Остаток сметной стоимости в базисном уровне цен на 01.01.2014 | J4: Сметная стоимость строительства в базисном уровне цен на 01.01.2000г., выставленная на конкурс | N4: Текущая стоимость на момент определения начальной (максимальной) цены | O4: № обосновывающего расчета | P4: 2014 год
B5: Всего | C5: СМР | D5: Оборудование | E5: Прочие | F5: Всего | G5: СМР | H5: Оборудование | I5: Прочие | J5: Всего | K5: СМР | L5: Оборудование | M5: Прочие | P5: СМР | Q5: Оборудование | R5: Прочие
A6: 1 | B6: 2 | C6: 3 | D6: 4 | E6: 5 | F6: 6 | G6: 7 | H6: 8 | I6: 9 | J6: 10 | K6: 11 | L6: 12 | M6: 13 | N6: 14 | O6: 15 | P6: 16 | Q6: 17 | R6: 18
A7: Создание кабельной системы для организации ЛВС. | B7: =SUM(C7:E7) -> 48612 | C7: ='25272-1'!K107+'25272-1'!K108 -> 37345 | D7: ='25272-1'!K109 -> 6892 | E7: ='25272-1'!K110 -> 4375 | F7: =SUM(G7:I7) -> 48612 | G7: =C7 -> 37345 | H7: =D7 -> 6892 | I7: =E7 -> 4375 | J7: =SUM(K7:M7) -> 48612 | K7: =P7 -> 37345 | L7: =Q7 -> 6892 | M7: =R7 -> 4375 | N7: =SUM(P7:R7) -> 48612 | O7: 25272-1 | P7: =G7 -> 37345 | Q7: =H7 -> 6892 | R7: =I7 -> 4375
A8: Система охранной и тревожной сигнализации. | B8: =SUM(C8:E8) -> 60261 | C8: ='25309'!K130+'25309'!K131 -> 38027 | D8: ='25309'!K132 -> 10395 | E8: ='25309'!K133 -> 11839 | F8: =SUM(G8:I8) -> 60261 | G8: =C8 -> 38027 | H8: =D8 -> 10395 | I8: =E8 -> 11839 | J8: =SUM(K8:M8) -> 60261 | K8: =P8 -> 38027 | L8: =Q8 -> 10395 | M8: =R8 -> 11839 | N8: =SUM(P8:R8) -> 60261 | O8: 25309 | P8: =G8 -> 38027 | Q8: =H8 -> 10395 | R8: =I8 -> 11839
A9: Наружные линии связи | B9: =SUM(C9:E9) -> 152218 | C9: ='25323'!K109+'25323'!K110 -> 113875 | D9: ='25323'!K111 -> 22105 | E9: ='25323'!K112 -> 16238 | F9: =SUM(G9:I9) -> 152218 | G9: =C9 -> 113875 | H9: =D9 -> 22105 | I9: =E9 -> 16238 | J9: =SUM(K9:M9) -> 152218 | K9: =P9 -> 113875 | L9: =Q9 -> 22105 | M9: =R9 -> 16238 | N9: =SUM(P9:R9) -> 152218 | O9: 25323 (взамен сметы 25304) | P9: =G9 -> 113875 | Q9: =H9 -> 22105 | R9: =I9 -> 16238
A10: Итого в ценах 2000 года: | B10: =SUM(B7:B9) -> 261091 | C10: =SUM(C7:C9) -> 189247 | D10: =SUM(D7:D9) -> 39392 | E10: =SUM(E7:E9) -> 32452 | F10: =SUM(F7:F9) -> 261091 | G10: =SUM(G7:G9) -> 189247 | H10: =SUM(H7:H9) -> 39392 | I10: =SUM(I7:I9) -> 32452 | ... M10: =SUM(M7:M9) -> 32452 | N10: =SUM(P10:R10) -> 261091 | P10: =SUM(P7:P9) -> 189247 | Q10: =SUM(Q7:Q9) -> 39392 | R10: =SUM(R7:R9) -> 32452
A11: Итого в текущих ценах*: | N11: =SUM(P11:R11) -> 1637634 | P11: =ROUND(P10*5.98,0) -> 1131697 | Q11: =ROUND(Q10*4.21,0) -> 165840 | R11: =ROUND(R10*10.48,0) -> 340097
A12: НДС 18% | N12: =SUM(P12:R12) -> 294774.12 | P12: =ROUND(P11*18%,2) -> 203705.46 | Q12: =ROUND(Q11*18%,2) -> 29851.2 | R12: =ROUND(R11*18%,2) -> 61217.46
A13: Всего: | N13: =SUM(P13:R13) -> 1932408.1 | P13: =SUM(P11:P12) -> 1335402.5 | Q13: =SUM(Q11:Q12) -> 195691.2 | R13: =SUM(R11:R12) -> 401314.46
P14: 60000000
A15: * В расчете использованы индексы: | Q15: =P14-P13 -> 58664598
A16: - 5,98 индекс изменения сметной стоимости СМР к ТЕР 2001 (приказ ФГУП "Комбинат "Электрохимприбор" от 18.09.2013 №1902-П).
A17: - 10,48 индекс изменения сметной стоимости прочих затрат к ТЕР 2001 (приказ ФГУП "Комбинат "Электрохимприбор" от 18.09.2013 №1902-П)
A18: - 4,21 индекс изменения сметной стоимости прочих затрат к ТЕР 2001 (приказ ФГУП "Комбинат "Электрохимприбор" от 18.09.2013 №1902-П)
A20: Начальник отдела капитального строительства
A21: ФГУП "Комбинат "Электрохимприбор" | H21: В.В. Моляков
A23: Инженер по проектно-сметной работе | H23: Н.А. Басова
A25: Согласовано | H25: отд. 028

Sheet НМЦ договора
G1: Приложение №1
G2: к извещению на размещение заказа
G3: на выполнение комплекса работ
G4: по строительству объекта
A8: Определение начальной (максимальной) цены договора генерального подряда
A9: на выполнение работ по монтажу наружных и внутренних сетей связи и охранной сигнализации в здании расположенном по ул. Островского, 2
A10: на 2014 год
G13: ц.2000г./текущие цены, руб.
A14: Наименование услуг и работ (затрат) | C14: Сметная стоимость строительства в базисном уровне цен на 01.01.2000 г. | D14: Сметная стоимость строительства в текущем уровне цен, пресчитанная на момент проведения процедуры закупки | F14: Начальная (максимальная) цена | G14: в том числе по годам строительства
G17: 2014 г.
A21: 1 | C21: 2 | D21: 3 | F21: 4 | G21: 5
A22: СМР | C22: =СМР!K10 -> 189247 | D22: =F22 -> 1131697 | F22: =G22 -> 1131697 | G22: =СМР!P11 -> 1131697
A23: Оборудование | C23: =СМР!L10 -> 39392 | D23: =F23 -> 165840 | F23: =G23 -> 165840 | G23: =СМР!Q11 -> 165840
A24: Прочие затраты | C24: =СМР!M10 -> 32452 | D24: =F24 -> 340097 | F24: =G24 -> 340097 | G24: =СМР!R11 -> 340097
A25: Всего: | C25: =SUM(C22:C24) -> 261091 | D25: =F25 -> 1637634 | F25: =G25 -> 1637634 | G25: =SUM(G22:G24) -> 1637634
A26: НДС | D26: =F26 -> 294774.12 | F26: =G26 -> 294774.12 | G26: =СМР!P12+СМР!Q12+СМР!R12 -> 294774.12
A27: Итого с НДС | D27: =F27 -> 1932408.1 | F27: =G27 -> 1932408.1 | G27: =СМР!P13+СМР!Q13+СМР!R13 -> 1932408.1
A29: В расчете использованы индексы:
A31: - 5,98 индекс изменения сметной стоимости СМР к ТЕР 2001 (приказ ФГУП "Комбинат "Электрохимприбор" от 18.09.2013 №1902-П) - 10,48 индекс изменения сметной стоимости прочих затрат к ТЕР 2001 (приказ ФГУП "Комбинат "Электрохимприбор" от 18.09.2013 №1902-П) - 4,21 индекс изменения сметной стоимости прочих затрат к ТЕР 2001 (приказ ФГУП "Комбинат "Электрохимприбор" от 18.09.2013 №1902-П)
A33: Начальник отдела капитального строительства
A34: ФГУП "Комбинат "Электрохимприбор" | G34: В.В. Моляков
A36: Инженер по проектно-сметной работе | G36: Н.А. Басова
A38: Согласовано | G38: отд. 028
